AoeStats
← rod_serling

Migration

509676857Analyzed
1v1 RM · 5d ago on Sep 27, 2026· 19m 38s· 2 players
Game mode
Random Map
Map size
132×132
Population
200
Speed
Normal
Resources
Standard
Victory
Conquest
Starting age
Dark Age
Ending age
Imperial Age
RankedLock teamsTeams togetherTeam positionsShared explorationLock speedFull tech treeHidden civsTurbo modeCheats
Victory
Defeat
🇭🇺 Armenians · Hungary
1307
+16
🇦🇷 Persians · Argentina
1315
-16
koole
9:35 Loom
11:53 Feudal Age
13:22 Double-Bit Axe
13:25 Town Watch
17:48 Castle Age
15:36 Fishing Lines
16:05 Gold Mining
18:00 Fletching
18:44 Medium Warships
18:37 Bodkin Arrow
19:29 Bow Saw
20:15 Ballistics
20:51 Wheelbarrow
rod_serling
2:17 Loom
12:37 Feudal Age
13:06 Town Watch
13:07 Double-Bit Axe
13:04 Fishing Lines
18:16 Castle Age
16:35 Fletching
18:59 Bodkin Arrow
19:25 Bow Saw
19:07 Gillnets
Connection lost

Rejoining the realm…

Still unreachable

The connection could not be restored.

Session expired

The server has moved on; the page needs a fresh start.